General information
- name: BNet
- type: Ladder team game (AT/RT)
- host: Battle.net
- saver: JCBetrayedHuman
map: TwilightRuins
- players: 8
- length: 57:58
- speed: Fast
- version: 1.26 W3XP
- replay type: Public
» download(299 KB)
Players
team 1 (loser)
KnowOneEpic (
orange | 28 APM | 977 actions | 34:29)
4 Warden
2 Fan of Knives
2 Shadow Strike
1 Blademaster
1 Bladestorm
» actions
| Build / train | 97 | |
| Enter build submenu | 38 | |
| Enter hero's abilities submenu | 5 | |
| Right click | 514 | |
| Select / deselect | 255 | |
| Use ability | 68 | |
977 total
» units
| Wisp | 40 | |
| Archer | 8 | |
| Huntress | 6 | |
| Druid of the Claw | 24 | |
78 total
» upgrades
| Strength of the Wild | 3 | |
| Strength of the Moon | 2 | |
| Reinforced Hides | 2 | |
| Ultravision | 1 | |
| Druid of the Claw Training | 2 | |
| Mark of the Claw | 1 | |
11 total
» buildings
| Altar of Elders | 1 | |
| Ancient of War | 1 | |
| Moon Well | 11 | |
| Hunter's Hall | 1 | |
| Ancient of Wonders | 1 | |
| Tree of Ages | 1 | |
| Ancient Protector | 9 | |
| Ancient of Lore | 5 | |
| Tree of Life | 4 | |
| Tree of Eternity | 1 | |
35 total
» build order
00:34 Altar of Elders
01:05 Ancient of War
01:22 Moon Well
01:44 Moon Well
02:37 Moon Well
03:42 Hunter's Hall
03:51 Ancient of Wonders
04:38 Tree of Ages
04:54 Ancient Protector
06:25 Moon Well
07:56 Ancient of Lore
09:27 Tree of Life
10:04 Moon Well
10:51 Tree of Eternity
11:02 Moon Well
12:02 Ancient Protector
14:32 Moon Well
15:02 Ancient Protector
15:08 Ancient Protector
15:16 Ancient Protector
15:22 Ancient Protector
15:26 Moon Well
15:39 Ancient of Lore
16:13 Ancient Protector
16:30 Moon Well
16:36 Moon Well
18:03 Tree of Life
19:27 Ancient of Lore
22:32 Ancient of Lore
22:38 Ancient of Lore
23:40 Tree of Life
23:47 Ancient Protector
25:03 Moon Well
25:17 Ancient Protector
28:34 Tree of Life
CORNDAWGEATER (
pink | 53 APM | 3073 actions | 57:57)
10 Blademaster
3 Wind Walk
3 Critical Strike
1 Bladestorm
3 Mirror Image
3 Shadow Hunter
2 Hex
1 Healing Wave
» actions
| Assign group hotkey | 75 | |
| Basic commands | 63 | |
| Build / train | 97 | |
| Enter build submenu | 25 | |
| Enter hero's abilities submenu | 14 | |
| Give item / drop item | 5 | |
| Remove unit from queue | 1 | |
| Right click | 1417 | |
| Select / deselect | 254 | |
| Select group hotkey | 894 | |
| Use ability | 228 | |
3073 total
» units
| Peon | 10 | |
| Grunt | 3 | |
| Goblin Shredder | 7 | |
| Wind Rider | 7 | |
| Goblin Sapper | 13 | |
| Raider | 1 | |
41 total
» upgrades
| Ranged Weapons | 2 | |
| Reinforced Defenses | 1 | |
| Envenomed Spears | 1 | |
| Armor | 2 | |
| Ensnare | 1 | |
7 total
» buildings
| Altar of Storms | 1 | |
| Orc Burrow | 7 | |
| Barracks | 1 | |
| Stronghold | 2 | |
| Voodoo Lounge | 1 | |
| Great Hall | 1 | |
| War Mill | 1 | |
| Fortress | 1 | |
| Watch Tower | 29 | |
| Beastiary | 4 | |
48 total
» build order
00:08 Altar of Storms
00:21 Orc Burrow
00:36 Barracks
01:23 Orc Burrow
02:44 Stronghold
02:44 Stronghold
02:59 Voodoo Lounge
03:43 Great Hall
04:06 Orc Burrow
05:07 War Mill
05:50 Fortress
06:23 Watch Tower
06:24 Watch Tower
06:24 Watch Tower
06:25 Watch Tower
07:01 Watch Tower
07:02 Watch Tower
07:16 Beastiary
07:20 Beastiary
09:00 Beastiary
09:36 Watch Tower
09:36 Watch Tower
09:49 Watch Tower
09:50 Watch Tower
10:35 Watch Tower
10:35 Watch Tower
10:36 Watch Tower
10:37 Watch Tower
10:38 Watch Tower
12:37 Watch Tower
12:38 Watch Tower
12:38 Watch Tower
12:39 Watch Tower
12:40 Watch Tower
12:40 Watch Tower
13:27 Orc Burrow
13:28 Orc Burrow
13:29 Orc Burrow
16:09 Beastiary
21:25 Watch Tower
21:25 Watch Tower
21:26 Watch Tower
21:27 Watch Tower
21:27 Watch Tower
24:11 Orc Burrow
28:18 Watch Tower
28:18 Watch Tower
28:18 Watch Tower
» items
| Healing Salve | 6 | |
| Staff of Teleportation | 1 | |
| Boots of Speed | 1 | |
| Orb of Lightning | 1 | |
| Potion of Mana | 5 | |
| Potion of Healing | 2 | |
| Scroll of Town Portal | 2 | |
| Potion of Lesser Invulnerability | 1 | |
| Healing Wards | 2 | |
| Book of the Dead | 2 | |
| Mana Stone | 1 | |
| Pendant of Energy | 1 | |
25 total

»
WolfgangGartner (
purple | 35 APM | 1020 actions | 29:07)
5 Blademaster
2 Wind Walk
3 Critical Strike
» actions
| Assign group hotkey | 2 | |
| Build / train | 53 | |
| Enter build submenu | 27 | |
| Enter hero's abilities submenu | 5 | |
| Remove unit from queue | 4 | |
| Right click | 569 | |
| Select / deselect | 292 | |
| Select group hotkey | 2 | |
| Use ability | 66 | |
1020 total
» units
| Peon | 15 | |
| Grunt | 5 | |
| Goblin Shredder | 1 | |
| Troll Witch Doctor | 5 | |
| Tauren | 3 | |
| Shaman | 2 | |
31 total
» upgrades
| Armor | 2 | |
| Melee Weapons | 1 | |
| Witch Doctor Training | 2 | |
| Shaman Training | 2 | |
| Pulverize | 1 | |
8 total
» buildings
| Altar of Storms | 1 | |
| Barracks | 1 | |
| Orc Burrow | 7 | |
| War Mill | 1 | |
| Voodoo Lounge | 1 | |
| Stronghold | 1 | |
| Fortress | 1 | |
| Spirit Lodge | 2 | |
| Great Hall | 4 | |
| Tauren Totem | 2 | |
| Watch Tower | 1 | |
22 total
» build order
00:07 Altar of Storms
00:22 Barracks
00:45 Orc Burrow
01:15 War Mill
02:05 Orc Burrow
02:42 Voodoo Lounge
03:26 Stronghold
04:04 Orc Burrow
05:08 Orc Burrow
06:00 Fortress
06:35 Spirit Lodge
06:42 Spirit Lodge
07:45 Great Hall
08:24 Great Hall
08:28 Tauren Totem
08:59 Orc Burrow
12:52 Great Hall
13:34 Tauren Totem
13:42 Orc Burrow
18:29 Great Hall
19:06 Orc Burrow
19:45 Watch Tower
» items
| Healing Salve | 1 | |
| Dust of Appearance | 1 | |
2 total
MOJOMAN (
teal | 19 APM | 579 actions | 31:11)
4 Warden
2 Fan of Knives
1 Blink
1 Shadow Strike
3 Priestess of the Moon
2 Searing Arrows
1 Trueshot Aura
» actions
| Build / train | 60 | |
| Enter build submenu | 21 | |
| Enter hero's abilities submenu | 7 | |
| Right click | 184 | |
| Select / deselect | 257 | |
| Use ability | 50 | |
579 total
» units
| Wisp | 14 | |
| Huntress | 4 | |
| Hippogryph | 8 | |
| Chimaera | 12 | |
38 total
» upgrades
| Strength of the Wild | 3 | |
| Reinforced Hides | 3 | |
| Corrosive Breath | 1 | |
7 total
» buildings
| Altar of Elders | 1 | |
| Moon Well | 8 | |
| Hunter's Hall | 1 | |
| Ancient Protector | 3 | |
| Ancient of War | 1 | |
| Tree of Ages | 1 | |
| Ancient of Wonders | 1 | |
| Tree of Eternity | 1 | |
| Ancient of Wind | 1 | |
| Tree of Life | 3 | |
| Chimaera Roost | 2 | |
23 total
» build order
00:15 Altar of Elders
00:20 Moon Well
01:01 Hunter's Hall
01:37 Moon Well
02:07 Ancient Protector
02:23 Ancient of War
02:42 Ancient Protector
03:18 Ancient Protector
03:32 Tree of Ages
04:51 Ancient of Wonders
05:59 Tree of Eternity
06:04 Moon Well
06:41 Ancient of Wind
07:05 Moon Well
08:04 Tree of Life
08:31 Chimaera Roost
08:41 Chimaera Roost
10:25 Moon Well
12:32 Moon Well
17:04 Moon Well
18:31 Moon Well
23:26 Tree of Life
23:47 Tree of Life
» items
| Potion of Healing | 3 | |
| Scroll of Town Portal | 1 | |
4 total
team 2 (winner)
0o0Oo0o0Oo0o (
red | 65 APM | 3758 actions | 57:57)
7 Blood Mage
3 Flame Strike
3 Banish
1 Summon Phoenix
3 Dark Ranger
2 Black Arrow
1 Life Drain
2 Pit Lord
1 Rain of Fire
1 Cleaving Attack
» actions
| Assign group hotkey | 136 | |
| Basic commands | 326 | |
| Build / train | 197 | |
| Enter build submenu | 54 | |
| Enter hero's abilities submenu | 12 | |
| Give item / drop item | 36 | |
| Right click | 1446 | |
| Select / deselect | 493 | |
| Select group hotkey | 765 | |
| Use ability | 293 | |
3758 total
» units
| Peasant | 18 | |
| Footman | 6 | |
| Goblin Shredder | 7 | |
| Goblin Sapper | 20 | |
| Sorceress | 1 | |
| Goblin Zeppelin | 4 | |
| Gryphon Rider | 6 | |
62 total
» upgrades
| Masonry | 3 | |
| Sorceress Training | 1 | |
| Swords | 3 | |
| Armor | 3 | |
| Lumber Harvesting | 1 | |
| Animal War Training | 1 | |
| Storm Hammers | 1 | |
| Cloud | 1 | |
14 total
» buildings
| Altar of Kings | 1 | |
| Farm | 12 | |
| Barracks | 1 | |
| Lumber Mill | 1 | |
| Arcane Vault | 1 | |
| Town Hall | 1 | |
| Keep | 3 | |
| Scout Tower | 32 | |
| Guard Tower | 32 | |
| Blacksmith | 1 | |
| Castle | 3 | |
| Gryphon Aviary | 2 | |
| Arcane Sanctum | 1 | |
91 total
» build order
00:51 Altar of Kings
00:57 Farm
00:59 Barracks
01:05 Farm
01:28 Farm
02:01 Lumber Mill
02:12 Farm
02:29 Arcane Vault
03:27 Farm
04:34 Town Hall
06:33 Farm
06:54 Keep
06:54 Keep
06:54 Keep
06:59 Scout Tower
06:59 Scout Tower
07:00 Scout Tower
07:03 Scout Tower
07:07 Scout Tower
08:04 Guard Tower
08:04 Guard Tower
08:05 Guard Tower
08:14 Blacksmith
09:17 Castle
09:17 Castle
09:20 Gryphon Aviary
09:21 Gryphon Aviary
09:24 Arcane Sanctum
12:46 Scout Tower
12:47 Scout Tower
12:48 Scout Tower
12:48 Scout Tower
12:50 Scout Tower
12:51 Scout Tower
12:51 Scout Tower
12:52 Scout Tower
12:56 Scout Tower
16:16 Guard Tower
16:17 Guard Tower
16:17 Guard Tower
19:04 Scout Tower
19:04 Scout Tower
19:05 Scout Tower
19:06 Scout Tower
19:06 Scout Tower
19:07 Scout Tower
21:23 Guard Tower
21:23 Guard Tower
21:24 Guard Tower
39:49 Farm
40:54 Farm
40:55 Farm
40:58 Farm
41:39 Farm
41:41 Scout Tower
41:41 Scout Tower
41:41 Scout Tower
41:42 Scout Tower
41:43 Scout Tower
41:43 Scout Tower
41:45 Scout Tower
41:45 Scout Tower
41:46 Scout Tower
41:47 Scout Tower
41:48 Scout Tower
41:50 Scout Tower
42:11 Guard Tower
42:11 Guard Tower
42:13 Guard Tower
42:13 Guard Tower
42:13 Guard Tower
42:14 Guard Tower
42:14 Guard Tower
42:14 Guard Tower
42:17 Guard Tower
42:17 Guard Tower
42:20 Guard Tower
42:20 Guard Tower
43:04 Guard Tower
43:05 Guard Tower
43:05 Guard Tower
48:21 Farm
» items
| Staff of Teleportation | 3 | |
| Scroll of Regeneration | 4 | |
| Lesser Clarity Potion | 15 | |
| Sentry Wards | 2 | |
| Periapt of Vitality | 6 | |
| Potion of Invisibility | 5 | |
| Potion of Mana | 7 | |
| Potion of Greater Mana | 2 | |
| Potion of Greater Healing | 1 | |
| Mana Stone | 3 | |
| Potion of Invulnerability | 1 | |
| Pendant of Energy | 3 | |
| Boots of Speed | 2 | |
| Circlet of Nobility | 2 | |
56 total
JCBetrayedHuman (
green | 44 APM | 2579 actions | 57:58)
10 Blademaster
3 Wind Walk
3 Critical Strike
1 Bladestorm
3 Mirror Image
» actions
| Assign group hotkey | 18 | |
| Basic commands | 271 | |
| Build / train | 107 | |
| Enter build submenu | 50 | |
| Enter hero's abilities submenu | 9 | |
| Give item / drop item | 11 | |
| Right click | 1004 | |
| Select / deselect | 548 | |
| Select group hotkey | 281 | |
| Use ability | 280 | |
2579 total
» units
| Peon | 8 | |
| Grunt | 4 | |
| Goblin Shredder | 1 | |
| Goblin Zeppelin | 7 | |
| Goblin Sapper | 15 | |
| Troll Batrider | 6 | |
| Wind Rider | 5 | |
46 total
» upgrades
| Reinforced Defenses | 1 | |
| Ranged Weapons | 3 | |
| Armor | 3 | |
| Liquid Fire | 1 | |
| Envenomed Spears | 1 | |
| Ensnare | 1 | |
| Troll Regeneration | 1 | |
| Pillage | 1 | |
12 total
» buildings
| Orc Burrow | 4 | |
| Altar of Storms | 1 | |
| Barracks | 1 | |
| Voodoo Lounge | 3 | |
| Stronghold | 1 | |
| War Mill | 1 | |
| Great Hall | 3 | |
| Watch Tower | 41 | |
| Fortress | 1 | |
| Beastiary | 5 | |
61 total
» build order
00:54 Orc Burrow
01:35 Altar of Storms
01:36 Barracks
01:51 Orc Burrow
02:25 Voodoo Lounge
02:48 Voodoo Lounge
03:43 Stronghold
04:44 Orc Burrow
05:07 War Mill
05:37 Great Hall
06:43 Orc Burrow
06:49 Watch Tower
06:50 Watch Tower
06:51 Watch Tower
07:40 Fortress
07:45 Watch Tower
07:46 Watch Tower
11:24 Beastiary
11:25 Beastiary
11:26 Beastiary
11:30 Beastiary
12:24 Watch Tower
12:25 Watch Tower
12:25 Watch Tower
12:26 Watch Tower
12:28 Watch Tower
12:29 Watch Tower
12:37 Beastiary
13:30 Watch Tower
13:32 Watch Tower
23:43 Voodoo Lounge
31:22 Great Hall
31:26 Watch Tower
31:26 Watch Tower
31:27 Watch Tower
31:27 Watch Tower
31:28 Watch Tower
31:29 Watch Tower
31:29 Watch Tower
31:30 Watch Tower
34:40 Watch Tower
34:40 Watch Tower
34:41 Watch Tower
34:44 Watch Tower
34:45 Watch Tower
34:45 Watch Tower
34:46 Watch Tower
34:47 Watch Tower
34:48 Watch Tower
34:49 Watch Tower
34:50 Watch Tower
39:23 Great Hall
39:25 Watch Tower
39:26 Watch Tower
39:27 Watch Tower
39:27 Watch Tower
39:32 Watch Tower
39:55 Watch Tower
39:57 Watch Tower
39:58 Watch Tower
40:00 Watch Tower
» items
| Healing Salve | 6 | |
| Potion of Healing | 5 | |
| Lesser Clarity Potion | 6 | |
| Potion of Mana | 7 | |
| Orb of Lightning | 1 | |
| Scroll of Regeneration | 2 | |
| Scroll of Town Portal | 4 | |
| Periapt of Vitality | 2 | |
| Gloves of Haste | 1 | |
| Ankh of Reincarnation | 1 | |
| Pendant of Energy | 1 | |
36 total

»
cron (
yellow | 36 APM | 1615 actions | 44:30)
7 Paladin
3 Holy Light
2 Divine Shield
1 Devotion Aura
1 Resurrection
4 Naga Sea Witch
1 Frost Arrows
2 Forked Lightning
1 Mana Shield
» actions
| Basic commands | 5 | |
| Build / train | 138 | |
| Enter build submenu | 51 | |
| Enter hero's abilities submenu | 11 | |
| Give item / drop item | 3 | |
| Remove unit from queue | 15 | |
| Right click | 703 | |
| Select / deselect | 581 | |
| Use ability | 108 | |
1615 total
» units
| Peasant | 43 | |
| Footman | 7 | |
| Knight | 8 | |
| Priest | 3 | |
| Dragonhawk Rider | 7 | |
| Gryphon Rider | 3 | |
| Sorceress | -4 | |
67 total
» upgrades
| Masonry | 3 | |
| Swords | 3 | |
| Lumber Harvesting | 2 | |
| Magic Sentry | 1 | |
| Plating | 1 | |
| Cloud | 1 | |
11 total
» buildings
| Farm | 12 | |
| Altar of Kings | 1 | |
| Barracks | 3 | |
| Arcane Vault | 2 | |
| Lumber Mill | 1 | |
| Keep | 2 | |
| Town Hall | 1 | |
| Blacksmith | 2 | |
| Scout Tower | 21 | |
| Guard Tower | 13 | |
| Castle | 7 | |
| Arcane Tower | 1 | |
| Arcane Sanctum | 1 | |
| Gryphon Aviary | 4 | |
71 total
» build order
00:39 Farm
00:52 Altar of Kings
00:54 Barracks
01:32 Farm
01:58 Arcane Vault
02:14 Barracks
02:21 Farm
02:27 Lumber Mill
03:13 Farm
03:15 Farm
04:12 Farm
06:53 Farm
06:56 Farm
07:00 Farm
07:03 Keep
07:07 Town Hall
07:31 Blacksmith
08:13 Scout Tower
08:16 Scout Tower
09:22 Guard Tower
09:23 Scout Tower
09:25 Scout Tower
09:44 Castle
10:32 Scout Tower
10:35 Guard Tower
10:37 Guard Tower
10:57 Scout Tower
11:02 Arcane Tower
11:13 Scout Tower
11:15 Scout Tower
11:18 Scout Tower
11:21 Arcane Sanctum
11:33 Guard Tower
11:46 Guard Tower
12:48 Scout Tower
13:37 Guard Tower
14:09 Gryphon Aviary
15:00 Scout Tower
15:11 Guard Tower
15:15 Scout Tower
15:29 Guard Tower
16:02 Scout Tower
16:04 Scout Tower
16:48 Guard Tower
16:52 Guard Tower
17:55 Scout Tower
17:58 Scout Tower
18:02 Scout Tower
18:05 Scout Tower
18:11 Scout Tower
18:44 Guard Tower
19:01 Guard Tower
19:17 Gryphon Aviary
19:46 Gryphon Aviary
23:40 Keep
24:06 Farm
24:07 Farm
24:08 Farm
24:10 Guard Tower
27:15 Castle
27:16 Castle
27:16 Castle
27:16 Castle
27:46 Gryphon Aviary
27:49 Barracks
29:01 Arcane Vault
29:44 Blacksmith
30:25 Scout Tower
30:28 Scout Tower
» items
| Gloves of Haste | 1 | |
| Orb of Fire | 1 | |
| Scroll of Town Portal | 1 | |
| Potion of Healing | 1 | |
| Lesser Clarity Potion | 1 | |
| Book of the Dead | 1 | |
| Potion of Greater Mana | 1 | |
| Boots of Speed | 1 | |
| Potion of Mana | 1 | |
9 total
gernand (
blue | 43 APM | 2482 actions | 57:57)
6 Paladin
3 Holy Light
1 Devotion Aura
1 Divine Shield
1 Resurrection
3 Mountain King
2 Storm Bolt
1 Bash
» actions
| Assign group hotkey | 2 | |
| Basic commands | 17 | |
| Build / train | 132 | |
| Enter build submenu | 48 | |
| Enter hero's abilities submenu | 10 | |
| Remove unit from queue | 4 | |
| Right click | 865 | |
| Select / deselect | 1082 | |
| Select group hotkey | 231 | |
| Use ability | 91 | |
2482 total
» units
| Peasant | 27 | |
| Footman | 11 | |
| Rifleman | 3 | |
| Priest | 7 | |
| Sorceress | 6 | |
| Knight | 8 | |
| Spell Breaker | 4 | |
| Siege Engine | 8 | |
74 total
» upgrades
| Swords | 2 | |
| Plating | 3 | |
| Defend | 1 | |
| Lumber Harvesting | 1 | |
| Priest Training | 2 | |
| Animal War Training | 1 | |
| Sorceress Training | 2 | |
| Control Magic | 1 | |
| Gunpowder | 2 | |
| Barrage | 1 | |
16 total
» buildings
| Altar of Kings | 1 | |
| Farm | 13 | |
| Barracks | 2 | |
| Scout Tower | 10 | |
| Arcane Tower | 2 | |
| Blacksmith | 1 | |
| Arcane Vault | 1 | |
| Town Hall | 3 | |
| Keep | 1 | |
| Lumber Mill | 1 | |
| Guard Tower | 11 | |
| Arcane Sanctum | 2 | |
| Castle | 1 | |
| Workshop | 1 | |
50 total
» build order
00:04 Altar of Kings
00:07 Farm
00:47 Farm
01:07 Barracks
01:44 Farm
02:00 Scout Tower
02:10 Farm
02:32 Arcane Tower
03:05 Blacksmith
03:36 Arcane Vault
06:41 Town Hall
06:50 Keep
06:54 Lumber Mill
06:56 Scout Tower
06:59 Farm
07:31 Farm
07:51 Farm
08:23 Farm
08:28 Guard Tower
08:31 Farm
09:47 Arcane Sanctum
10:00 Arcane Sanctum
10:56 Scout Tower
11:00 Castle
11:03 Scout Tower
11:08 Scout Tower
11:11 Scout Tower
11:37 Guard Tower
11:38 Guard Tower
11:47 Arcane Tower
11:55 Guard Tower
11:55 Arcane Tower
12:05 Arcane Tower
12:08 Guard Tower
12:37 Guard Tower
12:41 Guard Tower
12:54 Farm
13:35 Barracks
14:06 Farm
15:20 Scout Tower
18:15 Farm
18:18 Farm
19:29 Guard Tower
20:04 Workshop
25:04 Town Hall
28:47 Town Hall
36:52 Scout Tower
36:56 Scout Tower
36:58 Scout Tower
37:22 Guard Tower
38:26 Guard Tower
» items
| Claws of Attack +6 | 1 | |
| Ring of Regeneration | 1 | |
| Ivory Tower | 7 | |
| Scroll of Town Portal | 1 | |
10 total
Chat log
(00:07 / All) 0o0Oo0o0Oo0o: how are all of you fuckers feeling?
(00:12 / All) 0o0Oo0o0Oo0o: I feel absolutely EUPHORIC right now
(00:14 / All) CORNDAWGEATER: i aint no fucker
(00:27 / All) 0o0Oo0o0Oo0o: aight then pink is a virgin w/e
(00:29 / All) CORNDAWGEATER: u are a son of a bitch
(00:41 / All) 0o0Oo0o0Oo0o: you're a noob
(00:45 / All) 0o0Oo0o0Oo0o: and I'm going to own you
(00:55 / All) CORNDAWGEATER: only thing you'll own is a cheeseburger fat fuk
(01:02 / Allies) JCBetrayedHuman: sorry
(01:08 / Allies) JCBetrayedHuman: super slow start
(01:11 / Allies) JCBetrayedHuman: because I had black screen
(01:17 / Allies) JCBetrayedHuman: from alt tabbing as soon as the game found
(01:28 / Allies) cron: lol it happens
(01:29 / Allies) JCBetrayedHuman: was about to kill process then it fixed it
(02:32 / All) WolfgangGartner: abby wambach is bae
(02:45 / All) 0o0Oo0o0Oo0o: Bæ is danish for shit
(02:48 / All) 0o0Oo0o0Oo0o: you're bæ
(02:49 / All) 0o0Oo0o0Oo0o: at wc3
(03:21 / All) CORNDAWGEATER: who is amy
(06:15 / Allies) gernand: take that mine yellow
(06:24 / Allies) cron: k
(13:05 / All) JCBetrayedHuman: god that did not work out
(13:19 / All) JCBetrayedHuman: talk about bad place at wrong time
(15:11 / All) 0o0Oo0o0Oo0o: can't take a couple heroes, purple?
(16:02 / Allies) JCBetrayedHuman: upgraade tower
(17:26 / All) 0o0Oo0o0Oo0o: Purple, you are a great player
(18:47 / Allies) cron: woood
(18:55 / All) 0o0Oo0o0Oo0o: You are a great player, purple
(18:58 / All) JCBetrayedHuman: nice fans
(19:00 / All) JCBetrayedHuman: LOL
(19:42 / Allies) 0o0Oo0o0Oo0o: btw bob
(19:46 / Allies) 0o0Oo0o0Oo0o: claws +9 and +6 here
(19:48 / Allies) JCBetrayedHuman: aight
(19:51 / Allies) 0o0Oo0o0Oo0o: +9 here
(19:53 / Allies) JCBetrayedHuman: tell me when haste gloves
(20:00 / Allies) 0o0Oo0o0Oo0o: top right has haste
(20:02 / Allies) 0o0Oo0o0Oo0o: and +9
(21:35 / All) 0o0Oo0o0Oo0o: turncoat is a good dota partner
(21:42 / All) JCBetrayedHuman: /bows
(21:50 / All) CORNDAWGEATER: lawl
(22:25 / All) 0o0Oo0o0Oo0o: |damn finally get a pendant after I kill the orc
(22:31 / Allies) JCBetrayedHuman: lawl
(22:38 / Allies) 0o0Oo0o0Oo0o: pendant here toio
(22:40 / Allies) 0o0Oo0o0Oo0o: if you want one
(23:12 / Allies) JCBetrayedHuman: reaveal me
(23:23 / Allies) JCBetrayedHuman: nvm
(23:47 / Allies) 0o0Oo0o0Oo0o: gonna get a 2nd pendant for unlimited mana
(24:34 / Allies) JCBetrayedHuman: heal me paladin
(24:45 / Allies) JCBetrayedHuman: danke
(25:26 / All) WolfgangGartner: dumbass
(25:33 / All) JCBetrayedHuman: LOL
(25:38 / All) JCBetrayedHuman: your whole based died
(25:39 / All) 0o0Oo0o0Oo0o: says the guy who lost his whole base to dota
(25:40 / All) JCBetrayedHuman: from two heroes
(25:58 / Allies) 0o0Oo0o0Oo0o: share control
(26:00 / Allies) 0o0Oo0o0Oo0o: so I can buy sappers
(26:48 / All) JCBetrayedHuman: shoulda got blink
(27:27 / All) 0o0Oo0o0Oo0o: can't beat my zeppelin micro
(27:46 / Allies) JCBetrayedHuman: blue bolt dis bm
(27:55 / Allies) gernand: kk
(28:01 / Allies) 0o0Oo0o0Oo0o: heal bm
(28:01 / Allies) JCBetrayedHuman: and heal
(28:02 / Allies) JCBetrayedHuman: bm
(28:06 / Allies) JCBetrayedHuman: pally
(28:08 / Allies) JCBetrayedHuman: heal the blood mage
(28:15 / Allies) JCBetrayedHuman: blood mage
(28:17 / Allies) 0o0Oo0o0Oo0o: faster blue
(28:19 / Allies) 0o0Oo0o0Oo0o: right when I drop
(28:21 / Allies) 0o0Oo0o0Oo0o: he is following it
(28:28 / Allies) 0o0Oo0o0Oo0o: ty
(28:30 / Allies) 0o0Oo0o0Oo0o: good work
(29:01 / Allies) gernand: gold please
(29:13 / Allies) gernand: red gold please
(31:37 / All) 0o0Oo0o0Oo0o: 1020 mana
(31:41 / All) 0o0Oo0o0Oo0o: I love this map
(31:47 / All) JCBetrayedHuman: lawl
(31:49 / All) 0o0Oo0o0Oo0o: if only I had players to use it on
(31:55 / All) JCBetrayedHuman: two bad 2 night elves
(32:09 / All) 0o0Oo0o0Oo0o: it's hilarious when we have orc/hu bm
(32:11 / All) JCBetrayedHuman: night elf complain all the time yet they are near harass proof
(32:11 / All) 0o0Oo0o0Oo0o: it's so overpowered
(37:08 / All) CORNDAWGEATER: aint ur day, yellow
(38:34 / All) 0o0Oo0o0Oo0o: this mana regen is ridiculous
(38:42 / All) 0o0Oo0o0Oo0o: takes like 25 seconds to get enough for a flamestrike
(40:08 / All) 0o0Oo0o0Oo0o: ATTACK OF THE SHREDDERS!!!1111
(42:15 / Allies) JCBetrayedHuman: that'lll show me
(42:39 / All) cron: yeah you learn your lesson
(42:47 / All) 0o0Oo0o0Oo0o: what did he do lol
(42:47 / All) CORNDAWGEATER: wtf?
(42:53 / All) CORNDAWGEATER: who yellow talking about
(43:40 / All) JCBetrayedHuman: hehe
(43:41 / All) CORNDAWGEATER: oww
(43:46 / All) CORNDAWGEATER: love tap tim eova!
(46:32 / Allies) 0o0Oo0o0Oo0o: not killing this just getting it low health
(47:04 / Allies) JCBetrayedHuman: lawl
(50:02 / Allies) JCBetrayedHuman: what do you have to say for yourself blue?
(50:14 / All) JCBetrayedHuman: enjoying the great zeppelin race?
(50:40 / All) 0o0Oo0o0Oo0o: I remember in one custom map
(50:47 / All) 0o0Oo0o0Oo0o: the sorceress attack animation was used as a stripping animation
(50:53 / All) 0o0Oo0o0Oo0o: with the projectile removed
(51:29 / All) JCBetrayedHuman: I just had a killer idea
(51:32 / All) 0o0Oo0o0Oo0o: I think in the death animation the sorceress spreads her legs too
(51:36 / All) JCBetrayedHuman: From zeppelin race lawl
(51:37 / All) 0o0Oo0o0Oo0o: and people would use that in custom maps
(51:49 / All) JCBetrayedHuman: (speaking of fiction idea not war3 game idea)
(51:50 / All) 0o0Oo0o0Oo0o: I remember in one map seeing a bunch of mountain giants
(52:00 / All) 0o0Oo0o0Oo0o: and they were set to play the death animation next to each other over and over really fast
(52:06 / All) 0o0Oo0o0Oo0o: so it looks like they were humping each other
(52:11 / All) 0o0Oo0o0Oo0o: people did weird shit in wc3 custom maps
(52:17 / All) JCBetrayedHuman: Blue was a compliant ally
(52:31 / All) JCBetrayedHuman: Let us give blue the victory
(52:33 / All) JCBetrayedHuman: ?
(52:35 / All) JCBetrayedHuman: He is 4-22
(52:40 / All) 0o0Oo0o0Oo0o: LAWL
(52:49 / All) 0o0Oo0o0Oo0o: Sure LOL
(52:50 / All) JCBetrayedHuman: We should reward his cooperation to our orders
(52:56 / All) JCBetrayedHuman: He obeyed his commanders
(52:59 / All) JCBetrayedHuman: Leave Jacob
(53:12 / All) JCBetrayedHuman: Little bitch is afk again
(53:21 / All) 0o0Oo0o0Oo0o: LOL
(53:42 / Allies) JCBetrayedHuman: This one's for you blue
(53:55 / Allies) JCBetrayedHuman: Enjoy your fifth victory, bub. 1/5th of the way to an icon
(54:22 / Allies) JCBetrayedHuman: lol
(54:30 / Allies) JCBetrayedHuman: I got put in zep during bladestorm
(54:34 / Allies) 0o0Oo0o0Oo0o: LAWL
(55:01 / Allies) 0o0Oo0o0Oo0o: tauren totem here
(56:18 / All) JCBetrayedHuman: BEHOLD THE ZEPPELIN FLEET
(57:45 / All) JCBetrayedHuman: yes
(57:47 / All) JCBetrayedHuman: blue is 4-22
(57:52 / All) JCBetrayedHuman: He obeyed our demands